 Dungeon Crawl Stone Soup version 0.30.0-5-g1a98f26d00 (webtiles) character file.

Game seed: 202546657593239777

44453 Gabide the Prestidigitator (level 14, -1/116 HPs)
             Began as a Human Artificer on May 8, 2023.
             Was an Initiate of Gozag.
             Slain by a catoblepas (31 damage)
             ... on level 4 of the Lair of Beasts on May 9, 2023.
             The game lasted 01:12:02 (19631 turns).

Gabide the Prestidigitator (Human Artificer)       Turns: 19631, Time: 01:12:03

Health: -1/116     AC: 11    Str: 12    XL:     14   Next: 65%
Magic:  14/14      EV: 20    Int: 18    God:    Gozag
Gold:   1833       SH:  0    Dex: 19    Spells: 13/13 levels left

rFire   . . .        a - +1 demon blade (venom)
rCold   + + .        (no shield)
rNeg    . . .        j - +2 robe {Will+}
rPois   .            (no helmet)
rElec   .            f - +2 cloak {rCorr}
rCorr   +            w - +2 pair of gloves
SInv    .            L - +0 pair of boots
Will    ++...        D - amulet of regeneration
Stlth   ++           E - ring "Zycutuab" {rC++ Int+6}
HPRegen 1.19/turn    i - ring of flight
MPRegen 0.14/turn

%: no passive effects
@: flying
A: no striking features
a: Renounce Religion, Potion Petition, Call Merchant, Bribe Branch


You were on level 4 of the Lair of Beasts.
You worshipped Gozag.
Gozag was most pleased with you.
You visited 3 branches of the dungeon, and saw 17 of its levels.
You also visited: Bailey and Volcano.

You collected 3358 gold pieces.
You paid 1525 gold pieces to Gozag.

Inventory:

Hand Weapons
 a - a +1 demon blade of venom (weapon)
 b - a +6 great sword
 c - a +2 rapier of draining
Armour
 f - a +2 cloak of preservation (worn)
 j - a +2 robe of willpower (worn)
 w - a +2 pair of gloves (worn)
 y - +0 acid dragon scales
 G - a +3 ring mail of cold resistance
 L - a +0 pair of boots (worn)
 N - a +2 robe of resistance
 Q - a +0 pair of gloves of dexterity
Jewellery
 i - a ring of flight (right hand)
 z - the ring "Duwekky" {+Blink rN+ Dex+3 Slay-4}
   (You found it on level 7 of the Dungeon)

   [ring of positive energy]

   Dex:       It affects your dexterity (+3).
   Slay:      It affects your accuracy & damage with ranged weapons and melee
   (-4).
   rN:        It protects you from negative energy.
   +Blink:    It lets you blink.
 D - an amulet of regeneration (around neck)
 E - the ring "Zycutuab" (left hand) {rC++ Int+6}
   (You found it on level 7 of the Dungeon)

   [ring of intelligence]

   Int:       It affects your intelligence (+6).
   rC:        It greatly protects you from cold.
 M - a ring of protection from cold
Wands
 d - a wand of charming (11) (quivered)
 B - a wand of digging (3)
 O - a wand of polymorph (13)
 T - a wand of quicksilver (5)
Scrolls
 l - 3 scrolls of poison
 p - 5 scrolls of teleportation
 s - 6 scrolls of blinking
 x - a scroll of immolation
 A - a scroll of fog
 C - 3 scrolls of fear
 F - 7 scrolls of identify
 H - a scroll of silence
 I - 2 scrolls of magic mapping
Potions
 e - 4 potions of flight
 g - 7 potions of mutation
 h - 2 potions of heal wounds
 m - a potion of ambrosia
 n - 6 potions of curing
 o - 6 potions of brilliance
 r - 2 potions of magic
 t - 4 potions of cancellation
 u - 2 potions of attraction
 v - 2 potions of haste
 K - 2 potions of berserk rage
 P - a potion of invisibility
 R - a potion of resistance
 S - a potion of lignification
Miscellaneous
 k - a lightning rod (4/4)
 q - a phial of floods
 J - a piece from Xom's chessboard (15/15)


   Skills:
 + Level 12.5 Fighting
 + Level 12.5 Long Blades
 - Level 2.0 Armour
 + Level 12.5 Dodging
 - Level 1.0 Stealth
 + Level 13.0 Evocations


You had 13 spell levels left.
You didn't know any spells.
Your spell library contained the following spells:

 Spells                   Type           Power      Damage    Failure   Level
 Freeze                   Ice            0%         1d3       22%         1
 Sublimation of Blood     Necr           0%         N/A       32%         2
 Frozen Ramparts          Ice            0%         1d1       54%         3
 Hailstorm                Conj/Ice       0%         3d3       54%         3
 Tukima's Dance           Hex            0%         N/A       54%         3
 Passage of Golubria      Tloc           0%         N/A       91%         4
 Petrify                  Tmut/Erth      0%         N/A       91%         4
 Summon Lightning Spire   Summ/Air       0%         N/A       91%         4
 Irradiate                Conj/Tmut      0%         3d11      99%         5
 Yara's Violent Unravell  Hex/Tmut       0%         3d3       99%         5
 Storm Form               Tmut/Air       0%         N/A       100%        7
 Maxwell's Capacitive Co  Air            0%         ∞         100%        8


Dungeon Overview and Level Annotations

Branches:
Dungeon (12/15)            Temple (1/1) D:7            Lair (4/5) D:8
 Shoals (0/4) Lair:3       Spider (0/4) Lair:3       Bailey (visited)
Volcano (visited)
  Slime: Lair:4-5       Orc: D:9-12

Altars:
Ashenzari
Cheibriados
Dithmenos
Elyvilon
Fedhas
Gozag
Hepliaklqana
Kikubaaqudgha
Makhleb
Nemelex Xobeh
Okawaru
Qazlal
Ru
Sif Muna
Trog
Uskayaw
Vehumet
Wu Jian
Xom
Yredelemnul
Zin
The Shining One

Shops:
D:2 (   D:4 *   D:10 *

Annotations:
D:12 Rupert


Message History

Found an escape hatch in the floor.
Found an amulet of guardian spirit.
The catoblepas bellows!
The catoblepas gores you but does no damage.
You hit the catoblepas but do no damage.
The catoblepas is poisoned.
You hit the catoblepas.
The catoblepas looks as sick as possible!
The catoblepas is lightly wounded.
The catoblepas gores you!!
You slash the catoblepas!
The catoblepas looks as sick as possible!
The catoblepas is moderately wounded.
You hit the catoblepas but do no damage.
The catoblepas is moderately wounded.
The catoblepas gores you!
You hit the catoblepas but do no damage.
The catoblepas is moderately wounded.
The catoblepas gores you!!
You are too injured to fight recklessly!
You slash the catoblepas!
The catoblepas is heavily wounded.
The catoblepas completely misses you.
You hit the catoblepas but do no damage.
The catoblepas looks as sick as possible!
The catoblepas is heavily wounded.
You slice the catoblepas!!
The catoblepas looks as sick as possible!
The catoblepas is almost dead.
The catoblepas breathes a plume of calcifying dust at you.
The blast of calcifying dust hits you.
The catoblepas attacks as you move away!
The catoblepas gores you!!
* * * LOW HITPOINT WARNING * * *
You hit the catoblepas but do no damage.
The catoblepas looks as sick as possible!
The catoblepas is almost dead.
The catoblepas gores you!!
You die...
Your body crumbles into a pile of gold.

... . #.P###
P.#" ##..... #
#...##...#.#.#
#....#.#.#.#.#
#...#........##
.>..#.#.#.#..#
##.....§Y..#
#.##.#§#@##.#
#...§....#
.....#§#.#.##
### ####.## ##


You could see a catoblepas (extremely poisoned).

Vanquished Creatures
  A hydra (Lair:3)
  2 boulder beetles
  2 two-headed ogres
  A dancing weapon (Volcano)
  11 death yaks
  Pikel (D:9)
  3 wizards (Volcano)
  2 deep elf pyromancers
  A manticore (D:12)
  3 black mambas
  5 toenail golems (Volcano)
  A torpor snail (Lair:1)
  A gargoyle (D:12)
  5 cane toads
  Psyche (D:11)
  A guardian serpent (D:12)
  A rime drake (Lair:3)
  2 komodo dragons
  2 kobold demonologists
  3 unseen horrors
  A troll (D:9)
  Grinder (D:4)
  10 blink frogs
  A hornet (D:11)
  3 slime creatures (D:12)
  5 culicivoras (Lair:3)
  40 yaks
  A shadow (D:10)
  Sigmund (D:3)
  A vampire (D:11)
  2 wyverns
  A fire elemental (Lair:1)
  3 basilisks
  3 steam dragons
  A wraith (D:10)
  7 vampire mosquitoes
  3 acid dragons
  13 water moccasins
  2 sky beasts
  7 orc warriors
  An ice beast (D:7)
  A black bear (Lair:1)
  5 centaurs
  4 wolves (Lair:3)
  An ogre (D:5)
  A phantom (D:5)
  4 kobold brigands
  6 scorpions
  9 bullfrogs
  11 wights
  14 killer bees
  3 electric eels
  5 howler monkeys
  5 hounds
  A jelly (D:6)
  6 orc priests
  2 gnoll boudas
  Terence (D:2)
  Crazy Yiuf (D:2)
  9 orc wizards
  4 iguanas
  5 adders
  11 gnolls
  3 shadow imps
  4 white imps
  An ufetubus (D:5)
  2 dart slugs
  3 worms
  35 orcs
  10 ball pythons
  11 endoplasms
  2 giant cockroaches
  11 goblins
  11 hobgoblins
  3 jackals (D:2)
  5 quokkas
  7 bats
  3 frilled lizards
  31 kobolds
  7 rats
414 creatures vanquished.

Vanquished Creatures (collateral kills)
  Maggie (D:6)
  A yak (D:7)
  Eustachio (D:4)
  A vampire mosquito (D:10)
  An acid dragon (D:7)
  A wight (D:4)
6 creatures vanquished.

Vanquished Creatures (others)
  A two-headed ogre (D:7)
  2 wizards (Volcano)
  A kobold demonologist (D:12)
  2 yaks (Lair:1)
  A basilisk (D:7)
  A vampire mosquito (D:7)
  A scorpion (D:6)
  A gnoll (Bailey)
  An orc (D:6)
  2 kobolds
  A fire vortex (Lair:1)
14 creatures vanquished.

Grand Total: 434 creatures vanquished

Notes
Turn   | Place    | Note
-------+----------+-------------------------------------------
     0 | D:1      | Gabide the Human Artificer began the quest for the Orb.
     0 | D:1      | Reached XP level 1. HP: 15/15 MP: 1/1
   413 | D:1      | Reached XP level 2. HP: 20/22 MP: 2/2
   715 | D:1      | Reached XP level 3. HP: 26/27 MP: 3/3
  1072 | D:1      | Reached skill level 1 in Long Blades
  1540 | D:2      | Reached XP level 4. HP: 33/33 MP: 4/4
  1563 | D:2      | Found a faded altar of an unknown god.
  1601 | D:2      | Found Pijuen's Antique Weapon Shop.
  1759 | D:2      | Found a runed translucent door.
  1760 | D:2      | Noticed Crazy Yiuf
  1802 | D:2      | Noticed Terence
  1814 | D:2      | Killed Terence
  2011 | D:2      | Reached XP level 5. HP: 30/38 MP: 5/5
  2057 | D:2      | Reached skill level 4 in Evocations
  2711 | D:2      | Killed Crazy Yiuf
  2830 | D:3      | Noticed Sigmund
  2859 | D:3      | Killed Sigmund
  2860 | D:3      | Reached XP level 6. HP: 14/46 MP: 6/6
  3028 | D:3      | Found a hazy altar of Hepliaklqana.
  3451 | D:4      | Found a shimmering blue altar of Sif Muna.
  3512 | D:4      | Noticed Grinder
  3519 | D:4      | Paralysed by Grinder for 2 turns
  3524 | D:4      | Paralysed by Grinder for 5 turns
  3529 | D:4      | Killed Grinder
  3530 | D:4      | Reached skill level 5 in Evocations
  3530 | D:4      | Reached XP level 7. HP: 36/52 MP: 7/7
  3613 | D:4      | Noticed Eustachio
  3655 | D:4      | Killed Eustachio
  3656 | D:4      | Reached XP level 8. HP: 28/60 MP: 8/8
  3949 | D:4      | Found Tiehuist's General Store.
  4036 | D:4      | Found an ornate altar of the Wu Jian Council.
  4960 | D:5      | Entered Level 5 of the Dungeon
  5054 | D:5      | Reached skill level 6 in Evocations
  5127 | D:5      | Identified the +5 mace "Tusch" {drain, rElec rN+ Dex-5
                  | Stlth+}
  5218 | D:5      | Reached skill level 5 in Fighting
  5218 | D:5      | Reached skill level 5 in Long Blades
  5218 | D:5      | Reached skill level 5 in Dodging
  5218 | D:5      | Reached XP level 9. HP: 68/68 MP: 9/9
  6682 | D:6      | Noticed Maggie
  6702 | D:6      | Killed Maggie
  6703 | D:6      | Reached skill level 7 in Evocations
  7644 | D:7      | Found a flagged portal.
  7708 | Bailey   | Entered a bailey
  7840 | Bailey   | Noticed an orc warlord
  7867 | Bailey   | Reached XP level 10. HP: 46/77 MP: 10/10
  8159 | Bailey   | Found a runed translucent gate.
  8162 | Bailey   | Found a runed translucent gate.
  8164 | Bailey   | Found a runed translucent gate.
  8590 | D:7      | Reached skill level 9 in Evocations
  8590 | D:7      | Reached XP level 11. HP: 87/87 MP: 11/11
  8621 | D:7      | Found a hazy altar of Hepliaklqana.
  8621 | D:7      | Found a shimmering altar of Xom.
  8780 | D:7      | Found a radiant altar of Vehumet.
  8780 | D:7      | Found a sparkling altar of Nemelex Xobeh.
  9179 | D:7      | Found a broken altar of Ashenzari.
  9185 | D:7      | Found an iron altar of Okawaru.
  9185 | D:7      | Found a shimmering altar of Xom.
  9236 | D:7      | Identified the ring "Duwekky" {+Blink rN+ Dex+3 Slay-4}
  9377 | D:7      | Found a staircase to the Ecumenical Temple.
  9383 | Temple   | Entered the Ecumenical Temple
  9512 | Temple   | Became a worshipper of Gozag Ym Sagoz the Greedy
  9739 | D:7      | Noticed a deep elf pyromancer
  9739 | D:7      | Noticed a two-headed ogre
  9747 | D:7      | Noticed a soul eater
  9753 | D:7      | Noticed a boulder beetle
  9766 | D:7      | Killed a deep elf pyromancer
  9800 | D:7      | Identified the ring "Zycutuab" {rC++ Int+6}
  9982 | D:7      | Killed a boulder beetle
 10399 | D:8      | Noticed a two-headed ogre
 10410 | D:8      | Killed a two-headed ogre
 10650 | D:8      | Reached skill level 10 in Evocations
 10824 | D:8      | Found a staircase to the Lair.
 11125 | D:9      | Noticed Pikel
 11138 | D:9      | Killed Pikel
 11424 | D:9      | Reached XP level 12. HP: 89/96 MP: 12/12
 11894 | D:10     | Entered Level 10 of the Dungeon
 12472 | D:10     | Reached skill level 10 in Fighting
 12506 | D:10     | Reached skill level 10 in Dodging
 12616 | D:10     | Found a burning altar of Makhleb.
 12799 | D:10     | Reached skill level 10 in Long Blades
 13451 | D:11     | Noticed a skeletal warrior
 13451 | D:11     | Noticed a skeletal warrior
 13453 | D:11     | Noticed a skeletal warrior
 13957 | D:11     | Noticed Psyche
 13981 | D:11     | Killed Psyche
 14109 | D:11     | Found a runed translucent door.
 14126 | D:11     | Identified the +7 quarterstaff of the Writhing Gods {venom,
                  | rC- rCorr Int+7}
 14511 | D:12     | Reached skill level 11 in Evocations
 14820 | D:12     | Noticed a two-headed ogre
 14828 | D:12     | Killed a two-headed ogre
 14837 | D:12     | Reached XP level 13. HP: 49/104 MP: 13/13
 14918 | D:12     | Noticed Rupert
 15506 | Lair:1   | Entered Level 1 of the Lair of Beasts
 15970 | Lair:1   | Found a dark tunnel.
 15984 | Volcano  | Entered a volcano
 16229 | Volcano  | Reached skill level 12 in Evocations
 17303 | Lair:1   | Reached XP level 14. HP: 52/114 MP: 14/14
 18652 | Lair:3   | Found a staircase to the Shoals.
 19284 | Lair:3   | Found a hole to the Spider Nest.
 19300 | Lair:3   | Reached skill level 13 in Evocations
 19631 | Lair:4   | Slain by a catoblepas

Illustrated notes

Levels and vault maps discovered:
D:1:      lightli_arrival_noodles, layout_loops_ring, serial_co_window_serial,
          co_window_corner_a, co_window_paths_b, co_window_paths_b,
          co_window_paths_a, co_window_paths_b, co_window_cross_4,
          co_window_unsneaky_path_a, co_window_2corner, co_window_broadway_c,
          co_window_4corner_b, glass_columns_a, glass_columns_a,
          dreamdust_princess_bridge
D:2:      minmay_recursive_quarters, layout_basic,
          hellmonk_ecumenical_altar_dog_temple, serial_shops,
          nicolae_shop_getting_attention, minmay_cut_off,
          uniq_crazy_yiuf_cottage, uniq_terence
D:3:      layout_rooms, worldfamousw_hep_ancestral_shrine, uniq_sigmund
D:4:      minmay_chambers_of_fours, layout_rooms, mainiacjoe_overflow_alcove_2,
          nzn_wu_jian_council_hall, serial_shops, nicolae_shop_window_shopping,
          uniq_grinder, uniq_eustachio
D:5:      layout_loops_ring, kb_lookout_dungeons_type, minmay_parallelograms
D:6:      layout_basic, uniq_maggie
D:7:      minmay_the_grid_octo_2x2 [minmay_the_grid_octo_shrine,
          minmay_the_grid_octo_clover, minmay_the_grid_octo_thin_diamonds,
          minmay_the_grid_octo_prize_big_c], layout_loops_corners,
          gammafunk_temple_overflow_forgotten, minmay_temple_entry_nine_rooms,
          enter_bailey_6
D:8:      layout_gridville, lair_entry_dummy
D:9:      layout_loops_ring, uniq_pikel
D:10:     layout_gridville, bloody_makhleb, serial_glass, glass_columns_c,
          glass_columns_b, glass_columns_b, glass_columns_a, glass_columns_b,
          glass_columns_b, glass_columns_c, glass_columns_a,
          hangedman_decor_peaks_small, nicolae_zen_rock_garden
D:11:     layout_stronghold, lightli_church_of_beogh, uniq_psyche
D:12:     layout_loops_ring, erik_orc_2, nrook_guardian_serpent_ordinary,
          uniq_rupert
Temple:   regret_index_temple_generic_petals
Lair:1:   layout_gridlike, nicolae_volcano_entry_hallway, st_stairs_13,
          dpeg_stationary_puzzle, infiniplex_staircase_pool_2
Lair:2:   layout_big_grid
Lair:3:   layout_concentric_octagons, minmay_shoals_entry_centaurs,
          hellmonk_spider_entry_life_and_decay, grunt_megastairs_3
Lair:4:   layout_regular_city, st_stairs_8, grunt_megastairs_5, uniq_urug

Skill      XL: |  1  2  3  4  5  6  7  8  9 10 11 12 13 14 |
---------------+-------------------------------------------+-----
Fighting       | 2 3 5 6 8 9 10 11 12 | 12.5
Dodging        | 2 3 5 6 8 9 10 11 12 | 12.5
Long Blades    | 2 3 5 6 8 9 10 11 12 | 12.5
Evocations     | 4 5 6 7 9 10 11 12 13 | 13.0
Armour         | |  2.0
Stealth        | |  1.0

Action                     |  1- 3 |  4- 6 |  7- 9 | 10-12 | 13-15 || total
---------------------------+-------+-------+-------+-------+-------++-------
  Melee: Club              |    27 |       |       |       |       ||    27
         Long sword        |    85 |    80 |    86 |       |       ||   251
         Punch             |       |     1 |     2 |       |     9 ||    12
         Rapier            |       |       |    44 |       |     8 ||    52
         Great sword       |       |       |   148 |   527 |   231 ||   906
         Demon blade       |       |       |       |       |   449 ||   449
   Fire: Arbalest          |       |    24 |       |       |       ||    24
 Invoke: Call Merchant     |       |       |       |     1 |       ||     1
         Potion Petition   |       |       |       |       |     2 ||     2
  Evoke: Wand              |       |    19 |     8 |    19 |     7 ||    53
         Phial of floods   |       |       |       |     1 |     1 ||     2
    Use: Scroll            |     5 |     9 |    10 |    15 |     5 ||    44
         Potion            |       |     1 |     6 |     6 |     6 ||    19
   Stab: Sleeping          |     1 |       |     2 |     4 |     4 ||    11
         Distracted        |       |       |       |     1 |     4 ||     5
 Armour: Leather armour    |    47 |     9 |       |       |       ||    56
         Chain mail        |       |    44 |    59 |       |       ||   103
         Ring mail         |       |       |    57 |       |       ||    57
         Robe              |       |       |    17 |   193 |   161 ||   371
         Skin              |       |       |     7 |    30 |       ||    37
  Dodge: Dodged            |    75 |    48 |   221 |   671 |   587 ||  1602
